 Dungeon Crawl Stone Soup version 0.27-a0-1248-g57ac2eb73c (webtiles) character file.

Game seed: 5531100787888401723

1276 HAL9000 the Changer (level 8, -11/62 HPs)
             Began as a White Draconian Transmuter on June 9, 2021.
             Was an Initiate of Cheibriados.
             Mangled by an orc warrior
             ... wielding a +0 hand axe
              (16 damage)
             ... on level 7 of the Dungeon on June 10, 2021.
             The game lasted 00:16:01 (8673 turns).

HAL9000 the Changer (White Draconian Transmuter)    Turns: 8673, Time: 00:16:01

Health: -11/62     AC:  2    Str: 14    XL:     8   Next: 28%
Magic:  10/14      EV: 19    Int: 16    God:    Cheibriados [......]
Gold:   237        SH:  0    Dex: 18    Spells: 9/15 levels left

rFire    . . .     SeeInvis .     - Unarmed
rCold    . . .     Faith    .   (shield currently unavailable)
rNeg     . . .     Spirit   .   (armour unavailable)
rPois    x         Reflect  .   (helmet currently unavailable)
rElec    .         Harm     .   (cloak currently unavailable)
rCorr    .         Rampage  .   (gloves currently unavailable)
Will     .....                  (boots currently unavailable)
Stlth    ++........             (no amulet)
HPRegen  0.20/turn              (no ring)
MPRegen  0.14/turn              (no ring)

@: spider-form, wereblooded, very slow
A: venomous fangs, (breathe frost), AC +6, tiny, unfitting armour, (cold
resistance 1), (cold-blooded)
a: End Transformation, Renounce Religion, Bend Time


You were on level 7 of the Dungeon.
You worshipped Cheibriados.
Cheibriados was noncommittal.
You were a venomous arachnid creature.
You visited 2 branches of the dungeon, and saw 8 of its levels.

You collected 414 gold pieces.
You spent 177 gold pieces at shops.

Inventory:

Hand Weapons
 m - a +1 vampiric scimitar
 y - the +8 spear of Descent {freeze, rN+ rCorr}
   (You found it on level 6 of the Dungeon)

   It has been specially enchanted to freeze those struck by it, causing extra
   injury to most foes and up to half again as much damage against particularly
   susceptible opponents.
   It can also slow down cold-blooded creatures.
   It protects you from negative energy.
   It protects you from acid and corrosion.
Armour
 e - a +0 pair of gloves (melded)
Jewellery
 n - an amulet of faith
 t - a ring of flight
 w - a ring of resist corrosion
Wands
 x - a wand of flame (16)
Scrolls
 a - 4 scrolls of immolation {unknown}
 b - 2 scrolls of summoning {unknown}
 f - a scroll of identify
 h - a scroll of enchant weapon {unknown}
 i - 2 scrolls of blinking {unknown}
 o - 3 scrolls of teleportation {unknown}
 q - a scroll of fear
 r - a scroll of amnesia {unknown}
 s - a scroll of torment {unknown}
 A - a scroll of noise {unknown}
Potions
 c - 2 potions of berserk rage {unknown}
 d - a potion of cancellation
 g - a potion of flight {unknown}
 j - a potion of ambrosia
 k - 2 potions of mutation
 l - a potion of attraction {unknown}
 p - a potion of might {unknown}
 v - a potion of magic {unknown}
 z - a potion of curing


   Skills:
 + Level 2.4 Fighting
 - Level 1.7 Dodging
 + Level 6.5 Unarmed Combat
 - Level 4.0 Spellcasting
 - Level 7.1 Transmutations


You had 9 spell levels left.
You knew the following spells:

 Your Spells              Type           Power      Damage    Failure   Level
a - Beastly Appendage     Tmut           52%        N/A       4%          1
b - Wereblood             Tmut           26%        N/A       6%          2
c - Spider Form           Tmut/Pois      7%         N/A       28%         3

Your spell library contained the following spells:

 Spells                   Type           Power      Damage    Failure   Level
 Animate Skeleton         Necr           6%         N/A       36%         1
 Corona                   Hex            3%         N/A       36%         1
 Pain                     Necr           12%        1d4       36%         1
 Ensorcelled Hibernation  Hex/Ice        6%         N/A       47%         2
 Poisonous Vapours        Pois/Air       6%         N/A       47%         2
 Ice Form                 Ice/Tmut       14%        N/A       58%         4
 Confusing Touch          Hex            3%         N/A       67%         3
 Conjure Flame            Conj/Fire      3%         6-21      67%         3
 Dazzling Flash           Conj/Hex       6%         N/A       67%         3
 Mephitic Cloud           Conj/Pois/Air  3%         N/A       67%         3
 Tukima's Dance           Hex            3%         N/A       67%         3
 Vampiric Draining        Necr           1%         2d6       67%         3
 Animate Dead             Necr           1%         N/A       95%         4
 Agony                    Necr           3%         N/A       100%        5
 Freezing Cloud           Conj/Ice/Air   1%         6-21      100%        6


Dungeon Overview and Level Annotations

Branches:
Dungeon (7/15)             Temple (1/1) D:6

Altars:
Cheibriados
Dithmenos
Elyvilon
Fedhas
Gozag
Hepliaklqana
Kikubaaqudgha
Makhleb
Okawaru
Sif Muna
Trog
Uskayaw
Vehumet
Wu Jian
Xom
Yredelemnul
Zin
The Shining One

Shops:
D:5 **![

Portals:
Bailey: D:7


Innate Abilities, Weirdness & Mutations

You are a venomous arachnid creature.
You have poisonous fangs.
You are tiny and dextrous.
Your spellcasting is less reliable in this form.
Your armour is entirely melded.
You are incapable of wielding weapons or throwing items.
((You can breathe waves of freezing cold which knock back foes.))
((Your icy white scales are hard. (AC +6)))
You cannot fit into any form of body armour.
((Your flesh is cold resistant. (rC+)))
((You are cold-blooded and may be slowed by cold attacks.))


Message History

The orc warrior hits you but does no damage.
The orc wizard casts a spell.
The orc wizard flickers and vanishes!
Deactivating autopickup; reactivate with Ctrl-A.
Casting: Wereblood (safe; 1% risk of failure)
Confirm with . or Enter, or press ? or * to list all spells.
You turn into a venomous arachnid creature.
Your +0 pair of gloves melds into your body.
The orc warrior hits you with a +0 hand axe!
Unknown command.
You hit the orc warrior but do no damage.
You hit the orc warrior but do no damage.
The orc warrior is poisoned.
The orc warrior hits you with a +0 hand axe!
* * * LOW HITPOINT WARNING * * *
Unknown command.
You barely miss the orc warrior. The orc warrior misses you.
Okay, then.
Unknown command.
Unknown command.
You bite the orc warrior!
The orc warrior looks even sicker.
The orc warrior is heavily wounded.
The orc warrior hits you with a +0 hand axe.
* * * LOW HITPOINT WARNING * * *
Unknown command.
You feel much better.
The orc warrior hits you with a +0 hand axe!
Unknown command.
You hit the orc warrior.
The orc warrior looks as sick as possible!
The orc warrior is severely wounded.
The orc warrior hits you with a +0 hand axe!
* * * LOW HITPOINT WARNING * * *
The centaur zombie misses you. The centaur zombie kicks you.
* * * LOW HITPOINT WARNING * * *
You hit the orc warrior but do no damage.
The orc warrior looks as sick as possible!
The orc warrior is almost dead.
The orc warrior hits you with a +0 hand axe!
You die...

...............#
##......#.######
#................
#.##.......#.#######
#.......>......#
####...{##...###
#.Z#O##...#
#..#o##.#.#
#..#s##/....
#..Z.####..#.
#.....#.# ..# .
#.##..#.# #. #.# ..
#.# ## #.# #.# #.#


You could see an orc warrior (extremely poisoned), an ogre and a centaur zombie.

Vanquished Creatures
  A water moccasin (D:4)
  2 orc warriors
  A sky beast (D:6)
  A centaur (D:5)
  A bullfrog (D:6)
  A scorpion (D:4)
  2 wyvern zombies
  A howler monkey (D:5)
  A centaur zombie (D:5)
  3 hounds
  3 orc priests
  A jelly (D:6)
  An iguana (D:6)
  2 orc wizards
  2 hound skeletons (D:5)
  8 adders
  An ufetubus (D:6)
  An adder skeleton (D:4)
  2 dart slugs (D:1)
  19 orcs
  6 ball pythons
  5 endoplasms
  3 giant cockroaches
  10 goblins
  8 hobgoblins
  7 jackals
  7 kobolds
  4 quokkas
  5 bats
  3 frilled lizards (D:1)
  4 rats (D:1)
116 creatures vanquished.

Notes
Turn   | Place    | Note
-------+----------+-------------------------------------------
     0 | D:1      | HAL9000 the Draconian Transmuter began the quest for the
                  | Orb.
     0 | D:1      | Reached XP level 1. HP: 16/16 MP: 3/3
    46 | D:1      | Reached XP level 2. HP: 20/23 MP: 3/5
   470 | D:1      | Learned a level 2 spell: Wereblood
   579 | D:1      | Reached skill level 3 in Transmutations
   664 | D:1      | Upgraded the game from 0.27-a0-1242-ge70438ac7b to
                  | 0.27-a0-1248-g57ac2eb73c
   677 | D:1      | Reached XP level 3. HP: 26/28 MP: 6/6
  1808 | D:2      | Found a faded altar of an unknown god.
  1877 | D:2      | Reached XP level 4. HP: 32/35 MP: 6/8
  1964 | D:2      | Learned a level 3 spell: Spider Form
  2805 | D:3      | You fall into a shaft and drop 3 floors!
  2818 | D:6      | Reached skill level 4 in Transmutations
  2931 | D:5      | Entered Level 5 of the Dungeon
  3130 | D:4      | Reached XP level 5. HP: 18/40 MP: 5/10
  4082 | D:4      | Noticed an orc warrior
  4156 | D:3      | Killed an orc warrior
  4157 | D:3      | Reached skill level 5 in Transmutations
  4157 | D:3      | Reached XP level 6. HP: 18/47 MP: 4/11
  5480 | D:5      | Reached skill level 6 in Transmutations
  5553 | D:5      | Found Ygoc's Assorted Antiques.
  5654 | D:5      | Noticed a water moccasin
  5679 | D:4      | Killed a water moccasin
  5680 | D:4      | Your scales start taking on an icy white colour.
  5680 | D:4      | Reached XP level 7. HP: 17/52 MP: 10/13
  5680 | D:4      | Gained mutation: Your flesh is cold resistant. (rC+) [White
                  | Draconian growth]
  5980 | D:5      | Reached skill level 7 in Transmutations
  6157 | D:5      | Found Iraxof's Armour Shop.
  6186 | D:5      | Bought a +0 pair of gloves for 58 gold pieces
  6282 | D:5      | Found Hamog's General Store.
  6290 | D:5      | Bought a scroll of fear for 49 gold pieces
  6290 | D:5      | Bought a potion of heal wounds for 70 gold pieces
  6556 | D:5      | Found Vuxuw's Distillery.
  7002 | D:6      | Reached skill level 5 in Unarmed Combat
  7171 | D:6      | Reached XP level 8. HP: 58/61 MP: 12/14
  7264 | D:6      | Found a staircase to the Ecumenical Temple.
  7274 | Temple   | Entered the Ecumenical Temple
  7600 | Temple   | Became a worshipper of Cheibriados the Contemplative
  8478 | D:6      | Identified the +8 spear of Descent {freeze, rN+ rCorr}
  8652 | D:7      | Found a flagged portal.
  8673 | D:7      | Mangled by an orc warrior

Illustrated notes

Levels and vault maps discovered:
D:1:      saegor_arrival_simple_a, layout_loops_corners, minmay_tetromino_t4
D:2:      layout_loops_cross, ebering_ecumenical_altar_rust, minivault_23
D:3:      layout_basic
D:4:      layout_loops_cross, minmay_unequal
D:5:      layout_basic, serial_shops, shop, shop_coins,
          nicolae_shop_statue_plus, shop, st_stairs_12
D:6:      layout_basic, temple_hall, enter_ossuary_3
D:7:      layout_basic, enter_bailey_5, uniq_menkaure, uniq_joseph
Temple:   dpeg_five_rooms_temple

Skill      XL: |  1  2  3  4  5  6  7  8 |
---------------+-------------------------+-----
Transmutations | 3 4 5 6 7 |  7.1
Spellcasting   | 3 4 |  4.0
Unarmed Combat | 5 6 |  6.5
Fighting       | 2 |  2.4
Dodging        | |  1.7

Action                   |  1- 3 |  4- 6 |  7- 9 || total
-------------------------+-------+-------+-------++-------
Melee: Unarmed           |   114 |   157 |   147 ||   418
       Kick              |    18 |    20 |     9 ||    47
       Headbutt          |    13 |     7 |     8 ||    28
       Tailslap          |     6 |     7 |    11 ||    24
       Punch             |     2 |       |       ||     2
 Cast: Beastly Appendage |    24 |    22 |    11 ||    57
       Wereblood         |     1 |     2 |     2 ||     5
       Spider Form       |       |     6 |     7 ||    13
 Abil: Breathe Frost     |       |       |     4 ||     4
  Use: Scroll            |       |     5 |     1 ||     6
       Potion            |       |     1 |     1 ||     2
 Stab: Sleeping          |     1 |       |       ||     1
Armor: Skin              |    53 |    34 |    57 ||   144
Dodge: Dodged            |    65 |    98 |   158 ||   321

Table legend: (Time is in decaauts)
 A = Elapsed time spent in this place.
 B = Non-inter-level travel time spent in this place.
 C = Inter-level travel time spent in this place.
 D = Time resting spent in this place.
 E = Time spent auto-exploring this place.
 F = Levels seen in this place.
 G = Mean time per level.
                   A        B        C        D        E       F      G
               +--------+--------+--------+--------+--------+-----+--------+
         Total |   8810 |   8445 |    365 |   1841 |   5606 |   8 | 1101.2 |
       Dungeon |   8444 |   8174 |    270 |   1841 |   5345 |   7 | 1206.3 |
        Temple |    366 |    271 |     95 |      0 |    261 |   1 |  366.0 |
               +--------+--------+--------+--------+--------+-----+--------+

Top non-repeatable levels by time:
     D:4: 1769 daAuts
     D:6: 1506 daAuts
     D:2: 1351 daAuts
     D:3: 1282 daAuts
     D:5: 1236 daAuts
     D:1: 1182 daAuts
  Temple: 366 daAuts
     D:7: 115 daAuts
